Map: Hecate LE

Players

AntiBarcode - Winner!

  • Race: Zerg Zerg
  • League: Master
  • Spawn Location: 1:00

llllllllllll

  • Race: Terran Terran
  • League: Grandmaster
  • Spawn Location: 7:00

VOD

Have the link to the VOD?

Description

Time

  • Played on: Nov. 27, 2023, 5:58 a.m.
  • Length: 16:18
Show
View Real Time Build Order
Export as new Build Order

AntiBarcode Zerg - Winner!

Build Orders: Hatch First, Swarm Host 

Get SALT Encoding   

  12  0:01  Drone  
  13  0:14  Overlord  
  13  0:17  Drone  
  14  0:32  Drone x2  
  16  0:50  Hatchery  
  16  0:53  Drone  
  16  0:57  Drone  
  16  1:00  Drone  
  18  1:11  Extractor  
  17  1:16  Spawning Pool  
  16  1:20  Drone  
  16  1:22  Drone  
  18  1:31  Drone  
  19  1:40  Drone  
  20  1:50  Drone  
  21  2:04  Queen x2  
  21  2:05  Zergling x4  
  27  2:17  Hatchery  
  26  2:23  Metabolic Boost  
  26  2:28  Overlord  
  26  2:36  Drone x2  
  28  2:38  Overlord  
  28  2:47  Queen  
  31  2:51  Drone  
  31  2:52  Drone  
  32  2:59  Drone x3  
  35  3:06  Overlord  
  35  3:08  Drone  
  36  3:17  Drone x5  
  41  3:22  Overlord  
  41  3:24  Drone  
  41  3:26  Drone  
  43  3:28  Drone  
  43  3:34  Drone  
  45  3:35  Queen  
  47  3:43  Drone x3  
  47  3:47  Queen  
  52  3:49  Zergling x4  
  52  3:52  Zergling x4  
  52  3:54  Zergling x2  
  57  3:56  Drone  
  57  3:57  Drone  
  58  4:05  Overlord  
  58  4:08  Overlord  
  58  4:10  Overlord  
  58  4:12  Lair  
  58  4:14  Extractor  
  57  4:19  Roach Warren  
  57  4:20  Drone  
  57  4:30  Drone x9  
  66  4:39  Overlord  
  66  4:40  Queen  
  66  4:43  Drone x2, Evolution Chamber  
  69  4:47  Drone x3  
  72  4:54  Overlord x2  
  72  4:56  Drone x2  
  74  5:02  Overlord x2  
  74  5:05  Spore Crawler  
  73  5:07  Spore Crawler  
  73  5:08  Spore Crawler  
  73  5:09  Drone x2  
  73  5:10  Drone  
  73  5:13  Glial Reconstitution  
  74  5:16  Zerg Ground Armor Level 1  
  74  5:24  Zergling x2, Roach x2  
  74  5:25  Zergling x6  
  82  5:29  Zergling x4, Roach  
  82  5:30  Zergling x2  
  87  5:36  Queen  
  87  5:40  Zergling x14  
  96  5:46  Ravager  
  97  5:50  Zergling x8  
  93  5:59  Zergling x6  
  81  6:08  Roach x6  
  84  6:17  Zergling x2  
  84  6:18  Zergling x6  
  82  6:21  Drone  
  82  6:24  Queen  
  85  6:26  Drone x2, Extractor  
  85  6:27  Extractor  
  88  6:32  Drone x3  
  88  6:33  Drone  
  88  6:34  Hatchery  
  88  6:35  Drone  
  89  6:50  Drone x4  
  93  6:58  Overlord x7  
  93  7:11  Zerg Missile Weapons Level 1  
  93  7:16  Roach x4, Hatchery  
  93  7:17  Roach x4  
  108  7:25  Roach  
  108  7:26  Roach x5, Evolution Chamber  
  119  7:37  Drone x5  
  119  7:40  Extractor x2  
  122  7:53  Zerg Ground Armor Level 2  
  122  7:55  Zergling x22  
  133  8:02  Roach  
  133  8:03  Roach x2  
  133  8:05  Ravager  
  140  8:08  Zergling x10  
  140  8:11  Drone  
  146  8:16  Drone x2  
  148  8:20  Drone  
  149  8:32  Drone x9  
  158  8:40  Drone x3  
  158  8:41  Drone x5, Infestation Pit  
  165  8:43  Queen  
  165  8:48  Ravager x4  
  170  8:53  Ravager x5  
  170  8:55  Zergling x20  
  186  9:01  Zergling x8  
  190  9:05  Zerg Melee Weapons Level 1  
  190  9:13  Overlord x2  
  128  9:37  Swarm Host x3  
  128  9:38  Swarm Host x7  
  138  9:42  Extractor  
  138  9:44  Baneling Nest  
  145  9:48  Swarm Host  
  145  9:51  Drone x7  
  155  9:59  Hatchery  
  154  10:00  Swarm Host x3  
  154  10:01  Zergling x2  
  154  10:02  Zergling x30  
  179  10:09  Zergling x4  
  179  10:10  Zerg Missile Weapons Level 2  
  181  10:23  Hive  
  181  10:35  Centrifugal Hooks  
  180  10:45  Zergling x6  
  180  10:46  Zergling x38  
  167  10:59  Baneling x2  
  167  11:01  Zerg Melee Weapons Level 2  
  166  11:06  Roach x3  
  166  11:07  Roach x13  
  166  11:09  Zergling x2  
  199  11:13  Baneling x8  
  199  11:14  Baneling x6  
  168  11:40  Zergling x2  
  168  11:41  Zergling x32  
  183  11:50  Extractor  
  181  11:59  Hatchery  
  181  12:00  Roach  
  181  12:01  Roach x9  
  186  12:09  Adrenal Glands  
  186  12:11  Baneling x24  
  186  12:18  Queen  
  188  12:28  Zergling x2  
  188  12:29  Zergling x22, Hatchery  
  189  12:52  Zergling x20  
  189  12:55  Baneling x2  
  199  12:59  Baneling  
  199  13:00  Baneling  
  199  13:02  Baneling  
  199  13:03  Baneling x21  
  188  13:35  Zergling x52  
  188  13:36  Zergling x2  
  176  13:42  Roach  
  176  13:43  Roach x11  
  198  13:57  Zergling x2  
  198  13:58  Zergling x16  
  170  14:22  Extractor, Baneling x7  
  170  14:23  Baneling x3  
  169  14:28  Zergling x8  
  169  14:29  Zergling x42  
  167  14:44  Zergling x38  
  183  14:50  Burrow  
  183  14:52  Overlord  
  175  15:01  Zergling x28  
  175  15:04  Baneling x11  
  175  15:05  Baneling x8  
  189  15:16  Zergling x20  
  190  15:34  Zergling x48  
  200  15:41  Roach x4  
  200  15:42  Roach x6  
  199  15:44  Overlord  
  197  15:55  Baneling  
  197  15:56  Baneling x26  
  197  16:12  Spire  
Show
View Real Time Build Order
Export as new Build Order

llllllllllll Terran 

Build Orders: 2 Factory, Gas First Reaper Expand, Mech 

Get SALT Encoding   

  12  0:00  SCV  
  13  0:12  SCV  
  14  0:16  Supply Depot  
  14  0:24  SCV  
  14  0:27  Refinery  
  15  0:38  SCV  
  16  0:44  Barracks  
  16  0:50  SCV  
  17  1:02  SCV  
  18  1:14  SCV  
  19  1:30  Orbital Command  
  19  1:31  Reaper  
  20  1:44  Command Center  
  20  1:56  SCV  
  20  1:59  Factory  
  21  2:04  Barracks Reactor  
  21  2:08  SCV  
  22  2:12  Supply Depot  
  22  2:16  Refinery  
  22  2:20  SCV  
  23  2:33  SCV  
  24  2:45  Factory, SCV  
  24  2:49  Hellion x2  
  29  2:57  Orbital Command, SCV  
  30  2:59  Barracks Tech Lab  
  30  3:09  SCV  
  31  3:15  Cyclone  
  31  3:17  Cyclone  
  35  3:22  SCV  
  35  3:23  SCV  
  35  3:25  Supply Depot  
  37  3:34  SCV  
  38  3:35  SCV  
  38  3:37  Hurricane Engines  
  38  3:39  Cyclone  
  41  3:46  SCV  
  41  3:47  SCV  
  41  3:48  Supply Depot  
  43  3:52  Cyclone  
  43  3:55  Cyclone  
  47  4:00  SCV  
  47  4:01  SCV  
  49  4:12  SCV  
  49  4:13  Supply Depot, SCV  
  49  4:15  Cyclone  
  53  4:24  Cyclone  
  53  4:25  SCV x2  
  53  4:27  Cyclone  
  59  4:37  Command Center, SCV x2  
  61  4:43  Supply Depot  
  61  4:48  Hellion  
  61  4:49  SCV x2  
  65  4:57  Hellion  
  65  4:58  Refinery  
  65  4:59  Hellion, Armory, Refinery  
  69  5:01  SCV  
  69  5:05  SCV  
  69  5:06  Supply Depot  
  71  5:09  Barracks Reactor  
  71  5:11  Hellion  
  71  5:13  SCV  
  74  5:17  SCV  
  74  5:18  Hellion  
  77  5:26  SCV  
  77  5:28  Hellion  
  80  5:29  SCV  
  81  5:38  SCV  
  82  5:43  Factory  
  82  5:44  Factory  
  82  5:45  Factory  
  82  5:46  SCV  
  83  5:50  Terran Vehicle Weapons Level 1, SCV  
  84  6:03  SCV x2  
  81  6:05  Cyclone  
  81  6:06  Cyclone x2  
  67  6:21  SCV x2  
  67  6:30  Factory Tech Lab x2  
  67  6:33  SCV  
  67  6:35  Refinery x2  
  67  6:38  Cyclone x3, Supply Depot  
  74  6:42  SCV  
  74  6:44  Hellion x2  
  74  6:45  Infernal Pre-Igniter, SCV  
  80  6:54  SCV  
  80  6:55  Orbital Command  
  80  6:56  Supply Depot  
  80  6:57  SCV  
  82  7:04  Siege Tank x2  
  82  7:06  Hellion, SCV  
  91  7:09  SCV  
  92  7:18  Siege Tank, SCV  
  92  7:19  Supply Depot  
  92  7:20  Hellion  
  92  7:21  SCV  
  99  7:24  SCV  
  99  7:29  Hellion x2  
  104  7:30  SCV  
  104  7:31  Engineering Bay  
  104  7:34  Hellion, SCV  
  104  7:36  Siege Tank  
  111  7:43  Barracks Tech Lab  
  111  7:44  Factory  
  111  7:45  Factory  
  111  7:46  Terran Vehicle Weapons Level 2, Supply Depot  
  111  7:53  Supply Depot  
  111  7:54  Supply Depot  
  111  7:58  Thor  
  117  7:59  Thor  
  123  8:15  Thor  
  123  8:16  Hellion x4  
  123  8:18  Smart Servos  
  137  8:27  Supply Depot  
  137  8:30  Factory Tech Lab  
  137  8:37  Hellion x3  
  137  8:38  Hellion  
  137  8:41  Siege Tank  
  148  8:44  Supply Depot  
  148  8:48  Siege Tank x2  
  148  8:50  Supply Depot  
  148  8:51  Supply Depot  
  148  8:52  Supply Depot  
  154  8:55  Thor  
  154  8:58  Hellion  
  154  8:59  Hellion  
  164  9:06  Hellion x2  
  168  9:13  Siege Tank  
  168  9:14  Hellion  
  173  9:19  Siege Tank  
  173  9:20  Hellion  
  173  9:21  Hellion  
  147  9:34  Siege Tank  
  141  9:38  Siege Tank  
  141  9:42  Siege Tank, Command Center  
  147  9:54  Sensor Tower  
  147  9:56  Siege Tank  
  150  10:00  Supply Depot  
  150  10:05  Terran Vehicle Weapons Level 3  
  150  10:12  Hellion x2  
  150  10:13  Thor, Hellion x3  
  166  10:27  Command Center  
  166  10:36  Thor  
  166  10:37  Hellion x3  
  166  10:38  Hellion  
  169  10:55  Refinery  
  169  10:56  Refinery  
  153  11:04  SCV x3  
  153  11:09  Hellion x8  
  172  11:16  SCV  
  173  11:19  Hellion  
  173  11:22  Planetary Fortress  
  175  11:30  Siege Tank x2  
  181  11:39  Siege Tank  
  150  11:40  Siege Tank x2, Hellion x2  
  150  11:44  Planetary Fortress  
  132  12:02  Siege Tank  
  132  12:03  Siege Tank  
  132  12:05  Hellion  
  140  12:09  SCV  
  140  12:11  Siege Tank  
  140  12:12  Siege Tank x2  
  150  12:16  Hellion x2  
  150  12:20  Barracks Reactor  
  154  12:23  Barracks Reactor, Starport  
  154  12:29  Neosteel Armor  
  154  12:35  Siege Tank x2  
  159  12:44  Siege Tank  
  151  12:55  Command Center  
  151  12:56  Thor  
  161  12:58  Hellion x2  
  161  12:59  Hellion x3  
  161  13:05  Terran Vehicle And Ship Armor Level 1  
  167  13:06  Command Center  
  167  13:07  Hellion x2  
  171  13:16  Siege Tank  
  174  13:20  Siege Tank  
  181  13:27  Hellion x2  
  181  13:28  Siege Tank x2  
  185  13:40  Thor  
  136  13:48  Siege Tank, Hellion x2  
  111  14:10  Planetary Fortress  
  105  14:36  Siege Tank  
  105  14:37  Siege Tank  
  105  14:38  Siege Tank x2  
  91  14:48  SCV x3  
  91  14:49  Siege Tank  
  90  14:57  Hellion x3  
  93  15:02  SCV  
  93  15:06  SCV  
  95  15:08  Siege Tank  
  95  15:09  Siege Tank  
  101  15:20  Liberator x2  
  107  15:23  Hellion  
  107  15:24  Hellion x6  
  90  15:41  Siege Tank, Hellion  
  93  15:45  Siege Tank, Hellion x2  
  100  15:53  SCV  
Tags
 
Add a new tag
Caveats
  • Supply blocks, unpowered buildings, or Contaminate may cause inaccurate times.
  • Supply counts are checked every 10 seconds.